Map: Thunderbird LE

Players

Maru - Winner!

  • Race: Terran Terran
  • Spawn Location: 11:00

Stats

  • Race: Protoss Protoss
  • Spawn Location: 5:00

Event: 2019 WCS Global FInals

VOD

Have the link to the VOD?

Description

Time

  • Played on: Oct. 25, 2019, 3:18 a.m.
  • Length: 7:16

All games in this series

Show
View Real Time Build Order
Export as new Build Order

Maru Terran - Winner!

Build Orders: Reaper Expand 

Get SALT Encoding   

  12  0:00  SCV  
  13  0:12  SCV  
  14  0:17  Supply Depot  
  14  0:24  SCV  
  15  0:38  SCV  
  15  0:40  Barracks  
  16  0:43  Refinery  
  16  0:51  SCV  
  17  1:03  SCV  
  18  1:15  SCV  
  19  1:27  Reaper, Orbital Command  
  20  1:40  Command Center  
  20  1:50  Supply Depot  
  20  1:53  SCV  
  21  1:59  Marine  
  22  2:05  Factory  
  22  2:09  SCV  
  23  2:18  Refinery  
  23  2:20  Barracks Reactor  
  23  2:21  SCV  
  24  2:33  SCV  
  25  2:45  SCV  
  26  2:52  Starport  
  26  2:53  Orbital Command  
  26  2:57  Factory Tech Lab, SCV  
  27  3:05  Marine x2  
  28  3:09  SCV  
  30  3:19  SCV  
  31  3:21  SCV  
  31  3:23  Marine x2  
  34  3:29  Widow Mine, Bunker  
  34  3:31  SCV  
  34  3:33  SCV  
  38  3:36  Supply Depot  
  38  3:37  Medivac  
  38  3:41  Marine x2  
  42  3:43  SCV  
  43  3:49  SCV  
  43  3:50  Widow Mine  
  46  3:57  SCV  
  46  3:58  Marine  
  46  3:59  Marine  
  46  4:00  Supply Depot  
  46  4:01  SCV  
  50  4:07  Raven  
  50  4:09  SCV  
  53  4:13  SCV  
  54  4:17  Command Center  
  54  4:21  Marine x2, Factory Tech Lab  
  54  4:22  SCV  
  57  4:25  SCV  
  58  4:34  SCV  
  58  4:35  Refinery  
  58  4:36  Supply Depot  
  58  4:37  SCV  
  60  4:46  SCV  
  60  4:47  Barracks  
  60  4:49  Marine, Stimpack  
  60  4:51  Barracks  
  62  4:58  SCV x2  
  64  5:01  Bunker  
  64  5:03  Bunker  
  64  5:07  Medivac, Siege Tank, Marauder  
  70  5:26  SCV  
  70  5:29  SCV, Marauder  
  70  5:30  Orbital Command  
  70  5:32  Bunker  
  69  5:38  SCV  
  69  5:39  Siege Tank, Marine x2  
  69  5:40  Marine  
  69  5:41  SCV  
  70  5:50  Marine, SCV  
  70  5:53  SCV  
  70  5:57  Marine, SCV  
  70  6:01  Marine  
  70  6:03  SCV  
  70  6:05  SCV  
  70  6:08  Marauder  
  70  6:09  SCV  
  67  6:13  Siege Tank  
  67  6:15  SCV  
  69  6:23  SCV  
  69  6:24  SCV  
  71  6:27  Medivac, SCV  
  71  6:29  Marine  
  71  6:30  Marauder  
  77  6:36  SCV x2  
  77  6:39  SCV  
  73  6:45  Marine x2  
  75  6:48  SCV  
  75  6:51  Refinery, Marauder  
  78  6:55  Supply Depot  
  78  7:01  SCV  
Show
View Real Time Build Order
Export as new Build Order

Stats Protoss 

Build Orders: 1 Gate Expand, Phoenix Opening, Blink Stalkers 

Get SALT Encoding   

  12  0:00  Probe  
  13  0:12  Probe  
  14  0:20  Pylon  
  14  0:25  Probe  
  15  0:38  Gateway, Probe (Chrono Boost)  
  16  0:48  Assimilator, Probe (Chrono Boost)  
  17  0:53  Probe (Chrono Boost)  
  18  1:05  Probe  
  19  1:17  Probe  
  20  1:24  Nexus  
  20  1:32  Cybernetics Core  
  20  1:35  Probe  
  20  1:39  Assimilator  
  21  1:47  Probe  
  21  1:50  Pylon  
  22  1:59  Probe  
  23  2:05  Adept (Chrono Boost)  
  23  2:09  Warp Gate  
  23  2:11  Probe  
  26  2:23  Probe  
  26  2:28  Sentry (Chrono Boost)  
  29  2:36  Probe (Chrono Boost)  
  31  2:40  Twilight Council  
  31  2:41  Probe (Chrono Boost)  
  31  2:46  Probe (Chrono Boost)  
  31  2:49  Stalker, Probe (Chrono Boost)  
  35  2:53  Probe  
  35  2:56  Phoenix  
  36  3:00  Probe  
  37  3:05  Probe  
  37  3:06  Gateway  
  37  3:10  Gateway  
  37  3:12  Blink (Chrono Boost), Probe  
  39  3:19  Probe  
  40  3:24  Probe  
  41  3:27  Pylon  
  41  3:31  Probe  
  41  3:33  Assimilator  
  42  3:36  Probe  
  43  3:43  Probe  
  43  3:48  Robotics Facility, Probe  
  45  3:51  Pylon  
  45  3:55  Probe  
  46  4:00  Probe  
  46  4:01  Gateway  
  47  4:05  Stalker x2  
  47  4:09  Pylon  
  51  4:15  Gateway  
  51  4:17  Sentry  
  51  4:20  Shield Battery  
  51  4:22  Probe  
  54  4:33  Stalker x2  
  54  4:35  Observer  
  54  4:37  Shield Battery  
  59  4:42  Stalker  
  61  4:45  Pylon  
  61  4:49  Phoenix  
  61  4:58  Stalker  
  62  5:04  Stalker x2  
  62  5:07  Pylon  
  66  5:08  Stalker  
  68  5:17  Stalker  
  70  5:22  Stalker  
  69  5:36  Stalker x3  
  68  5:46  Stalker  
  70  5:55  Stalker  
  72  6:09  Observer  
  58  6:19  Stalker  
  58  6:20  Stalker x3  
  66  6:25  Stalker  
  68  6:38  Probe x2  
  56  6:43  Stalker x3  
  61  6:48  Stalker  
  61  6:53  Stalker  
Tags
 
Add a new tag
Caveats
  • Supply blocks, unpowered buildings, or Contaminate may cause inaccurate times.
  • Supply counts are checked every 10 seconds.